 Dungeon Crawl Stone Soup version 0.25-a0-413-g3b4b6a4ccc (webtiles) character file.

Game seed: 6072692085902298235, levelgen mode: deterministic

0 MrRokkomies the Ducker (level 1, -6/11 HPs)
             Began as a Spriggan Abyssal Knight on Jan 17, 2020.
             Was a Follower of Lugonu.
             Mangled by a fire dragon zombie (8 damage)
             ... on level 4 of the Abyss.
             The game lasted 00:01:29 (303 turns).

MrRokkomies the Ducker (Spriggan Abyssal Knight)     Turns: 303, Time: 00:01:30

Health: -6/11      AC:  2    Str:  8    XL:     1   Next: 0%
Magic:  3/3        EV: 18    Int: 13    God:    Lugonu [*.....]
Gold:   54         SH:  0    Dex: 15    Spells: 0/0 levels left

rFire    . . .     SeeInvis +   a - +1 short sword
rCold    . . .     Gourm    .   (shield restricted)
rNeg     . . .     Faith    .   b - +0 robe
rPois    .         Spirit   .   (helmet restricted)
rElec    .         Reflect  .   (no cloak)
rCorr    .         Harm     .   (gloves unavailable)
MR       .....                  (boots unavailable)
Stlth    +.........             (no amulet)
HPRegen  0.00/turn              (no ring)
MPRegen  0.08/turn              (no ring)

@: non-regenerating, diseased, very quick
A: very small, unfitting armour, see invisible, herbivore, speed 3, slow
metabolism 2
a: Depart the Abyss, Renounce Religion


You were on level 4 of the Abyss.
You worshipped Lugonu.
Lugonu was aware of your devotion.
You were not hungry.

You visited 0 branches of the dungeon, and saw 0 of its levels.
You visited the Abyss 1 time.

You collected 54 gold pieces.

Inventory:

Hand Weapons
 a - a +1 short sword (weapon)
Armour
 b - a +0 robe (worn)
Scrolls
 f - a scroll of magic mapping {unknown}
Potions
 d - a potion of curing {unknown}
 e - a potion of heal wounds {unknown}
Comestibles
 c - a ration


   Skills:
 + Level 2.4 Fighting
 + Level 2.1 Short Blades
 + Level 3.5 Dodging
 + Level 1.7 Invocations


You couldn't memorise any spells.
You didn't know any spells.
Your spell library was empty.

Dungeon Overview and Level Annotations

Branches:
Dungeon (0/15)

Altars:


Innate Abilities, Weirdness & Mutations

You are very small and have problems with some larger weapons.
You are too small for most types of armour.
You have supernaturally acute eyesight. (SInv)
You are a herbivore.
You cover ground extremely quickly.
You need to consume almost no food.


Message History

Unknown command.
A mana viper comes into view.
The mana viper hisses angrily.
A starcursed mass splits.
A hellephant comes into view.
The hellephant trumpets!
A starcursed mass splits.
The hellephant blinks!
An ancient zyme comes into view.
You feel yourself growing ill in the presence of the ancient zyme.
You feel ill.
The ufetubus shouts!
A fire dragon zombie comes into view.
You hit the fire dragon zombie but do no damage.
The ufetubus barely misses you. The ufetubus misses you.
The fire dragon zombie misses you. The fire dragon zombie claws you.
* * * LOW HITPOINT WARNING * * *
The fire dragon zombie tramples you!
Ouch! That really hurt!
You die...

#..#.##..#
.. .x. .#
#.#..#.# #
####. #.#
.##
....x..#
..
###..###..
. #.x### #
...
#§##.5##
##.# .§§
###@# ## #
#.Z## #..#
#.## #


You could see an ancient zyme, an ufetubus and a fire dragon zombie.

Vanquished Creatures (others)
  2 starspawn tentacles (Abyss:4)
2 creatures vanquished.

Notes
Turn   | Place    | Note
-------+----------+-------------------------------------------
     0 | Abyss:1  | MrRokkomies the Spriggan Abyssal Knight began the quest for
                  | the Orb.
     0 | Abyss:1  | Reached XP level 1. HP: 11/11 MP: 3/3
    53 | Abyss:1  | Noticed a freezing wraith
    68 | Abyss:1  | Noticed a bone dragon
    71 | Abyss:1  | Noticed a small abomination
   123 | Abyss:1  | Noticed an angel
   139 | Abyss:1  | Found a hide-covered altar of Uskayaw.
   210 | Abyss:4  | Found a shadowy altar of Dithmenos.
   226 | Abyss:4  | Noticed a smoke demon
   244 | Abyss:4  | Noticed a tentacled starspawn
   260 | Abyss:4  | Noticed a large abomination
   269 | Abyss:4  | Noticed a starcursed mass
   275 | Abyss:4  | Noticed a mana viper
   278 | Abyss:4  | Noticed a hellephant
   287 | Abyss:4  | Noticed an ancient zyme
   302 | Abyss:4  | Noticed a fire dragon zombie
   303 | Abyss:4  | Mangled by a fire dragon zombie

Levels and vault maps discovered:
Abyss:4:  hangedman_abyss_rune_macabre_mess, guppyfry_abyss_exit_glass_guarded,
          hangedman_eye_storm, nicolae_abyss_rune_star_stuff,
          evilmike_abyss_exit_smiterflies, evilmike_abyss_exit_plants,
          grunt_abyss_rune_wretched_hive

Action                   || total
-------------------------++-------
Melee: Short sword       ||     1
Dodge: Dodged            ||     3

Table legend:
 A = Non-vault XP
 B = Vault XP
 C = Vault XP percentage of total XP
 D = Non-vault monster count
 E = Vault monster count
 F = Vault count percentage of total count
                 A         B        C        D         E       F
            +---------+---------+-------+---------+---------+-------
      Total |       0 |       0 |   N/A |       0 |       0 |  -nan
            +---------+---------+-------+---------+---------+-------
            +---------+---------+-------+---------+---------+-------
